 Dungeon Crawl Stone Soup version 0.21-a0-507-ga8f6b7a (webtiles) character file.

4471 slep the Spear-Bearer (level 10, -2/80 HPs)
             Began as a Merfolk Gladiator on Nov 28, 2017.
             Was an Elder of Okawaru.
             Slain by a hippogriff (6 damage)
             ... on level 9 of the Dungeon.
             The game lasted 00:36:06 (6740 turns).

slep the Spear-Bearer (Merfolk Gladiator)           Turns: 6740, Time: 00:36:07

Health: -2/80      AC:  5    Str: 13      XL:     10   Next: 37%
Magic:  3/3        EV: 17    Int:  5      God:    Okawaru [****..]
Gold:   489        SH:  4    Dex: 18 (19) Spells: 9/9 levels left

rFire    . . .     SeeInvis +   N - +3 trident (antimagic)
rCold    . . .     Gourm    .   O - +0 buckler
rNeg     + . .     Faith    .   v - +1 leather armour {rN+}
rPois    .         Spirit   .   w - +0 helmet
rElec    .         Reflect  .   (no cloak)
rCorr    .         Harm     +   (no gloves)
MR       .....     Rnd*Rage +   (no boots)
Stlth    ++........             t - amulet of harm
HPRegen  0.23/turn              p - ring of see invisible
MPRegen  0.08/turn              J - ring of loudness (curse)

@: no status effects
A: change form in water, swift swim, stealthy swim, fangs 1, berserk 3,
deterioration 1, dopey 1, weak 1
a: Heroism, Renounce Religion


You were on level 9 of the Dungeon.
You worshipped Okawaru.
Okawaru was greatly pleased with you.
You were not hungry.

You visited 1 branch of the dungeon, and saw 9 of its levels.
You also visited: Sewer.

You collected 489 gold pieces.

Inventory:

Hand Weapons
 a - a +0 trident
 N - a +3 antimagic trident (weapon)
Missiles
 d - 3 throwing nets (quivered)
 h - 85 poisoned needles
Armour
 b - a +0 leather armour
 c - a +0 helmet
 e - a +0 chain mail
 v - a +1 leather armour of positive energy (worn)
 w - a +0 helmet (worn)
 O - a +0 buckler (worn)
Jewellery
 p - a ring of see invisible (left hand)
 t - an amulet of harm (around neck)
 x - a +3 ring of strength
 J - a cursed ring of loudness (right hand)
Wands
 y - a wand of digging (33)
 C - a wand of random effects (31)
 H - a wand of iceblast (10)
 L - a wand of polymorph (13)
Scrolls
 i - 5 scrolls of identify {unknown}
 n - 5 scrolls of magic mapping {unknown}
 o - 6 scrolls of teleportation {unknown}
 q - 6 scrolls of fog {unknown}
 r - a scroll of enchant armour {unknown}
 s - 3 scrolls of blinking {unknown}
 u - 2 scrolls of enchant weapon {unknown}
 z - 4 scrolls of amnesia {unknown}
 A - a scroll of random uselessness {unknown}
 B - 2 scrolls of noise {unknown}
 E - a scroll of fear {unknown}
 Q - a scroll of remove curse {unknown}
Potions
 g - 6 potions of curing
 j - a potion of heal wounds
 D - 5 potions of might
 F - a potion of magic {unknown}
 G - a potion of flight
Books
 I - a book of Misfortune

   Spells                             Type                      Level
   a - Confusing Touch                Hexes                        1
   b - Confuse                        Hexes                        3
   c - Gell's Gravitas                Translocation                3
   d - Petrify                        Transmutation/Earth          4
   e - Metabolic Englaciation         Hexes/Ice                    5
   f - Yara's Violent Unravelling     Hexes/Transmutation          5
 M - a book of Changes

   Spells                             Type                      Level
   a - Beastly Appendage              Transmutation                1
   b - Sticks to Snakes               Transmutation                2
   c - Spider Form                    Transmutation/Poison         3
   d - Ice Form                       Ice/Transmutation            4
   e - Blade Hands                    Transmutation                5
 P - a book of Necromancy

   Spells                             Type                      Level
   a - Pain                           Necromancy                   1
   b - Animate Skeleton               Necromancy                   1
   c - Vampiric Draining              Necromancy                   3
   d - Regeneration                   Charms/Necromancy            3
   e - Animate Dead                   Necromancy                   4
   f - Control Undead                 Necromancy                   4
Comestibles
 f - 11 bread rations
 k - 6 fruits
 l - 5 meat rations
 m - 5 royal jellies
 K - a chunk of flesh


   Skills:
 + Level 7.6 Fighting
 + Level 14.1 Polearms
 + Level 2.3 Throwing
 + Level 4.0 Armour
 + Level 7.9 Dodging
 + Level 4.4 Stealth


You had 9 spell levels left.
You didn't know any spells.

Dungeon Overview and Level Annotations

Branches:
Dungeon (9/15)             Temple (0/1) D:7
   Lair: D:8-11         Orc: D:9-12

Altars:
Elyvilon
Kikubaaqudgha
Okawaru
Vehumet
Wu Jian
Xom


Innate Abilities, Weirdness & Mutations

You revert to your normal form in water.
You are very nimble and swift while swimming.
You are very stealthy in the water. (Stealth+)
You have very sharp teeth.
You have an uncontrollable temper.
Your body sometimes deteriorates upon taking damage.
You are dopey. (Int -2)
You are weak. (Str -2)


Message History

The hippogriff bites you but does no damage.
The hippogriff pecks you! The hippogriff claws you.
* * * LOW HITPOINT WARNING * * *
You hit the hippogriff but do no damage.
The hippogriff is severely wounded.
You hit the hippogriff.
The hippogriff is severely wounded.
The hippogriff bites you!
* * * LOW HITPOINT WARNING * * *
Your body deteriorates!
You feel clumsy. The hippogriff pecks you.
* * * LOW HITPOINT WARNING * * *
The hippogriff claws you.
* * * LOW HITPOINT WARNING * * *
You hit the hippogriff.
The hippogriff is almost dead.
You barely miss the hippogriff.
The hippogriff is almost dead.
The hippogriff bites you.
You die...

##.....
.....
.....
... ...
#.# #H#
#@# #.#
#.# #.#
#.. #.#
#.# #.#


You could see a hippogriff.

Vanquished Creatures
  Pikel (D:7)
  2 hippogriffs (D:7)
  Sigmund (D:4)
  A spriggan (D:7)
  Duvessa (D:6)
  A water moccasin (D:6)
  An ice beast (D:7)
  3 slaves (D:7)
  A black bear (D:8)
  4 sky beasts
  2 ogres
  2 phantoms
  An orc warrior (D:6)
  An eye of draining (D:8)
  A big kobold (D:5)
  8 bullfrogs
  A gnoll sergeant (D:8)
  Dowan (D:6)
  A scorpion (D:8)
  4 killer bees (D:8)
  2 bullfrog zombies
  A crimson imp (D:8)
  A quasit (D:6)
  A bullfrog skeleton (D:4)
  2 centaur skeletons
  A centaur zombie (D:6)
  An orc priest (D:6)
  2 gnoll shamans
  5 hounds
  2 orc wizards
  An iguana (D:6)
  3 worker ants
  A killer bee zombie (D:7)
  A hound skeleton (D:8)
  15 gnolls
  18 adders
  4 river rats (Sewer)
  A shadow imp (D:8)
  3 oozes
  2 adder skeletons
  5 worms
  9 leopard geckos
  19 orcs
  9 ball pythons (Sewer)
  7 giant cockroaches
  8 goblins
  4 hobgoblins
  10 jackals
  2 quokkas
  5 bats
  4 frilled lizards
  15 kobolds
  A leopard gecko zombie (D:6)
  2 quokka skeletons (D:5)
  A quokka zombie (D:5)
  27 rats
233 creatures vanquished.

Vanquished Creatures (others)
  A slave (D:7)
  A gnoll (D:7)
2 creatures vanquished.

Grand Total: 235 creatures vanquished

Notes
Turn   | Place    | Note
-------+----------+-------------------------------------------
     0 | D:1      | slep the Merfolk Gladiator began the quest for the Orb.
     0 | D:1      | Reached XP level 1. HP: 16/16 MP: 1/1
   129 | D:1      | Reached XP level 2. HP: 22/22 MP: 2/2
   406 | D:1      | Reached skill level 5 in Polearms
   474 | D:1      | Reached XP level 3. HP: 22/28 MP: 3/3
   654 | D:2      | Found an ornate altar of the Wu Jian Council.
   654 | D:2      | Found an ancient bone altar of Kikubaaqudgha.
   805 | D:2      | Reached skill level 1 in Armour
   805 | D:2      | Reached XP level 4. HP: 15/34 MP: 4/4
  1033 | D:2      | Reached skill level 6 in Polearms
  1048 | D:2      | Found a shimmering altar of Xom.
  1619 | D:3      | Noticed an ogre
  1633 | D:3      | Killed an ogre
  1633 | D:3      | Reached skill level 7 in Polearms
  1633 | D:3      | Reached XP level 5. HP: 41/41 MP: 5/5
  1799 | D:3      | Reached XP level 6. HP: 11/47 MP: 6/6
  2043 | D:4      | Reached skill level 1 in Stealth
  2080 | D:4      | Found a white marble altar of Elyvilon.
  2340 | D:4      | Reached skill level 8 in Polearms
  2394 | D:4      | Found an iron altar of Okawaru.
  2411 | D:4      | Became a worshipper of Warmaster Okawaru
  2608 | D:4      | Noticed Sigmund
  2625 | D:4      | Killed Sigmund
  2625 | D:4      | Reached XP level 7. HP: 39/54 MP: 7/7
  2886 | D:5      | Entered Level 5 of the Dungeon
  2900 | D:5      | Reached skill level 9 in Polearms
  3179 | D:5      | Reached skill level 5 in Dodging
  3673 | D:6      | Reached XP level 8. HP: 34/61 MP: 8/8
  3742 | D:6      | Noticed Duvessa
  3745 | D:6      | Noticed Dowan
  3766 | D:6      | HP: 2/61 [Duvessa/rapier (9)]
  3769 | D:6      | Killed Duvessa
  3769 | D:6      | Reached skill level 10 in Polearms
  3786 | D:6      | Killed Dowan
  3786 | D:6      | Reached * piety under Okawaru
  3832 | D:6      | Found a glowing drain.
  3869 | Sewer    | Entered a sewer
  3971 | Sewer    | Reached skill level 5 in Fighting
  4180 | Sewer    | HP: 1/62 [bullfrog (7)]
  4551 | D:6      | Reached skill level 11 in Polearms
  4713 | D:6      | Reached ** piety under Okawaru
  4713 | D:6      | Reached XP level 9. HP: 36/69 MP: 9/9
  4887 | D:7      | Found a staircase to the Ecumenical Temple.
  5045 | D:7      | Noticed Pikel
  5116 | D:7      | Killed Pikel
  5116 | D:7      | Reached *** piety under Okawaru
  5116 | D:7      | Reached skill level 12 in Polearms
  5519 | D:7      | Reached skill level 13 in Polearms
  5824 | D:7      | Reached **** piety under Okawaru
  5824 | D:7      | Reached XP level 10. HP: 44/77 MP: 10/10
  5829 | D:7      | Gained mutation: You tend to lose your temper in combat. [mutagenic meat]
  5830 | D:7      | Gained mutation: You are dopey. (Int -2) [mutagenic meat]
  5831 | D:7      | Gained mutation: You are weak. (Str -2) [mutagenic meat]
  5832 | D:7      | Gained mutation: You often lose your temper in combat. [mutagenic meat]
  6087 | D:8      | Found a radiant altar of Vehumet.
  6376 | D:8      | Reached skill level 14 in Polearms
  6549 | D:8      | Gained mutation: You have very sharp teeth. [mutagenic meat]
  6550 | D:8      | Gained mutation: You have an uncontrollable temper. [mutagenic meat]
  6552 | D:8      | Gained mutation: Your body sometimes deteriorates upon taking damage. [mutagenic meat]
  6738 | D:9      | HP: 3/80 [hippogriff (4)]
  6740 | D:9      | Slain by a hippogriff

Vault maps used:
D:1:      enne_arrival_octagon_isle
D:2:      chequers_temple_overflow_statue_of_worship, xom_teletrap_fun
D:4:      overflow_temple_1_default, elyvilon_altar_4, uniq_sigmund
D:5:      first_bread
D:6:      gup_sewer_entry_pipe, uniq_duvessa
D:7:      minmay_temple_entry_crystal_x, kennysheep_flooded_box, the_bakery,
          uniq_pikel
D:8:      marbit_many_paths
D:9:      kennysheep_little_box, dpeg_lair_monsters, serial_shops,
          nicolae_shop_statue_plus, uniq_maurice, uniq_grum
Sewer:    sewer_minmay_w

Skill      XL: |  1  2  3  4  5  6  7  8  9 10 |
---------------+-------------------------------+-----
Polearms       | 5 7 8 9 11 13 14 | 14.1
Armour         | 1 2 3 4 |  4.0
Fighting       | 3 4 5 6 7 |  7.6
Stealth        | 1 3 4 |  4.4
Dodging        | 5 6 7 |  7.9
Throwing       | |  2.3

Action                   |  1- 3 |  4- 6 |  7- 9 | 10-12 || total
-------------------------+-------+-------+-------+-------++-------
Melee: Trident           |   111 |   170 |   514 |   164 ||   959
       Tailslap          |       |       |    14 |       ||    14
       Bite              |       |       |       |     2 ||     2
Throw: Throwing net      |       |     1 |     1 |       ||     2
  Use: Potion            |       |     3 |     5 |       ||     8
 Stab: Held in net/web   |       |     1 |     1 |       ||     2
       Sleeping          |       |       |     6 |     4 ||    10
       Distracted        |       |       |       |     1 ||     1
  Eat: Chunk             |       |     5 |    10 |    14 ||    29
       Fruit             |       |       |     1 |       ||     1
Armor: Chain mail        |    54 |    56 |       |       ||   110
       Leather armour    |       |     4 |    53 |    14 ||    71
Dodge: Dodged            |    41 |    67 |   328 |    66 ||   502
Block: Buckler           |       |       |       |     2 ||     2

Table legend:
 A = Spawn XP
 B = Non-spawn XP
 C = Spawn XP percentage of total XP
 D = Spawn monster count
 E = Non-spawn monster count
 F = Spawn count percentage of total count
 G = Total turns spent on level
                    A         B        C        D         E        F      G
               +---------+---------+-------+---------+---------+-------+---------
         Total |       0 |    6388 |   0.0 |       0 |     230 |   0.0 |  6740
               +---------+---------+-------+---------+---------+-------+---------
           D:1 |       0 |      53 |   0.0 |       0 |      25 |   0.0 |   654
           D:2 |       0 |      70 |   0.0 |       0 |      18 |   0.0 |   623
           D:3 |       0 |     184 |   0.0 |       0 |      17 |   0.0 |   722
           D:4 |       0 |     494 |   0.0 |       0 |      13 |   0.0 |   887
           D:5 |       0 |     290 |   0.0 |       0 |      16 |   0.0 |   660
           D:6 |       0 |    1000 |   0.0 |       0 |      31 |   0.0 |   782
           D:7 |       0 |    2305 |   0.0 |       0 |      27 |   0.0 |  1080
           D:8 |       0 |    1619 |   0.0 |       0 |      35 |   0.0 |   771
         Sewer |       0 |     373 |   0.0 |       0 |      48 |   0.0 |   547
               +---------+---------+-------+---------+---------+-------+---------
